Map: Terrasses de Prion

Players

MELIODAS - Winner!

  • Race: Protoss Protoss
  • League: Diamond

Worming

  • Race: Zerg Zerg
  • League: Diamond

VOD

Have the link to the VOD?

Description

Time

  • Played on: Nov. 14, 2015, 6:13 a.m.
  • Length: 22:56
Show
View Real Time Build Order
Export as new Build Order

MELIODAS Protoss - Winner!

Build Orders: 1 Gate Expand 

Get SALT Encoding   

  12  0:01  Probe (Chrono Boost)  
  13  0:11  Probe (Chrono Boost)  
  14  0:19  Pylon  
  14  0:22  Probe (Chrono Boost)  
  15  0:38  Probe (Chrono Boost)  
  15  0:42  Gateway  
  16  0:48  Probe (Chrono Boost)  
  17  0:59  Probe (Chrono Boost)  
  18  1:09  Probe (Chrono Boost)  
  19  1:16  Nexus  
  19  1:24  Assimilator  
  19  1:26  Pylon  
  19  1:29  Probe (Chrono Boost)  
  20  1:37  Assimilator  
  21  1:40  Probe (Chrono Boost)  
  23  1:51  Cybernetics Core  
  23  1:53  Zealot  
  23  1:54  Probe (Chrono Boost)  
  24  2:05  Probe (Chrono Boost)  
  25  2:12  Forge  
  25  2:16  Probe (Chrono Boost)  
  26  2:29  Mothership Core (Chrono Boost)  
  29  2:30  Probe (Chrono Boost)  
  29  2:37  Pylon  
  29  2:41  Stalker  
  31  2:47  Probe (Chrono Boost)  
  32  2:53  Warp Gate  
  32  2:58  Probe (Chrono Boost)  
  33  3:01  Robotics Facility  
  33  3:02  Probe (Chrono Boost)  
  34  3:10  Probe (Chrono Boost)  
  34  3:12  Adept  
  37  3:20  Probe (Chrono Boost)  
  37  3:23  Probe (Chrono Boost)  
  39  3:27  Assimilator  
  39  3:33  Probe x2 (Chrono Boost)  
  41  3:39  Adept  
  41  3:41  Protoss Ground Weapons Level 1  
  43  3:42  Probe (Chrono Boost)  
  43  3:44  Probe (Chrono Boost)  
  43  3:47  Warp Prism (Chrono Boost)  
  47  3:55  Probe  
  48  3:56  Pylon  
  48  4:04  Probe  
  48  4:06  Gateway  
  48  4:07  Probe  
  50  4:15  Probe  
  51  4:19  Robotics Bay, Probe  
  53  4:24  Observer (Chrono Boost)  
  53  4:31  Probe  
  54  4:34  Gateway  
  54  4:38  Probe, Pylon  
  54  4:43  Assimilator, Immortal (Chrono Boost)  
  59  4:54  Pylon  
  59  4:55  Pylon  
  59  5:03  Adept  
  61  5:19  Disruptor (Chrono Boost)  
  64  5:25  Nexus  
  64  5:28  Photon Cannon x2  
  64  5:31  Photon Cannon  
  62  5:45  Gateway  
  62  5:46  Gateway  
  62  5:48  Sentry  
  62  5:49  Gateway  
  64  5:50  Disruptor (Chrono Boost)  
  64  5:51  Probe  
  64  5:52  Probe  
  69  5:59  Twilight Council  
  69  6:02  Probe  
  70  6:05  Probe  
  70  6:09  Adept  
  73  6:13  Probe  
  73  6:17  Probe, Photon Cannon  
  75  6:23  Probe  
  76  6:28  Pylon  
  76  6:29  Probe  
  77  6:34  Probe  
  77  6:37  Blink (Chrono Boost)  
  78  6:41  Probe  
  78  6:44  Probe, Zealot x3  
  84  6:49  Disruptor (Chrono Boost)  
  84  6:52  Protoss Ground Weapons Level 2 (Chrono Boost)  
  84  6:53  Probe  
  84  7:05  Adept x3  
  88  7:10  Probe  
  88  7:11  Probe x2  
  85  7:18  Stalker  
  85  7:19  Stalker  
  85  7:21  Immortal  
  85  7:22  Probe  
  82  7:23  Probe  
  82  7:28  Templar Archives  
  87  7:30  Assimilator  
  87  7:31  Stalker  
  87  7:36  Stalker x2  
  93  7:40  Gateway  
  93  7:44  Probe x2  
  95  7:48  Stalker x2  
  99  7:55  Disruptor  
  99  7:56  Pylon  
  99  8:03  Stalker  
  99  8:04  Stalker x2  
  108  8:14  Pylon x2  
  108  8:15  Pylon  
  108  8:17  Pylon  
  108  8:24  Stalker x2  
  112  8:27  Disruptor  
  112  8:30  Stalker  
  112  8:31  Stalker  
  119  8:35  Pylon  
  97  8:53  Stalker  
  97  8:54  Stalker x3  
  105  9:00  Gateway  
  105  9:01  Probe, Observer  
  105  9:02  Gateway x2  
  102  9:03  Assimilator  
  102  9:05  Zealot x2  
  99  9:17  Stalker x2  
  99  9:18  Stalker  
  103  9:27  Stalker x2  
  103  9:29  Stalker  
  96  9:40  Stalker  
  96  9:45  Gateway x2, Disruptor  
  93  9:49  Gateway  
  96  9:57  Photon Cannon  
  96  9:58  Nexus  
  96  9:59  Photon Cannon, Probe  
  97  10:00  Photon Cannon  
  97  10:10  Pylon  
  97  10:11  Pylon  
  97  10:14  Stalker x2  
  97  10:15  Stalker  
  97  10:16  Disruptor  
  97  10:20  Probe  
  104  10:26  Zealot x2, Stalker  
  104  10:27  Assimilator  
  113  10:28  Assimilator  
  113  10:40  Twilight Council  
  113  10:41  Zealot  
  113  10:42  Zealot  
  117  10:53  Stalker  
  117  10:54  Stalker x3  
  117  10:55  Stalker  
  119  11:10  Disruptor (Chrono Boost), Stalker x2  
  109  11:22  Stalker  
  109  11:23  Stalker x2  
  115  11:28  Stalker  
  117  11:37  Stalker  
  117  11:38  Stalker  
  121  11:44  Disruptor (Chrono Boost)  
  123  11:54  Stalker x3  
  123  11:58  Photon Cannon  
  129  12:04  Stalker  
  129  12:05  Probe, Stalker  
  132  12:10  Zealot  
  132  12:15  Disruptor (Chrono Boost)  
  131  12:26  Stalker x3  
  126  12:37  Probe, Charge  
  116  12:45  Nexus  
  116  12:46  Disruptor (Chrono Boost)  
  116  12:49  Pylon  
  116  12:50  Stalker  
  116  12:51  Nexus  
  121  12:52  Probe  
  122  13:01  Pylon  
  122  13:09  Forge  
  122  13:17  Disruptor (Chrono Boost)  
  101  13:41  Stalker  
  101  13:42  Stalker x2  
  101  13:45  Photon Cannon  
  101  13:48  Disruptor (Chrono Boost)  
  110  13:51  Photon Cannon  
  110  13:53  Photon Cannon  
  110  13:54  Probe  
  110  14:00  Gateway  
  110  14:01  Probe  
  111  14:08  Stalker  
  114  14:10  Protoss Ground Weapons Level 3 (Chrono Boost)  
  114  14:20  High Templar x2, Disruptor (Chrono Boost)  
  114  14:23  High Templar  
  114  14:24  High Templar  
  125  14:25  Archon  
  125  14:26  Probe  
  126  14:35  Gateway  
  126  14:37  Gateway  
  126  14:38  Stalker x2  
  128  14:40  Gateway, Probe  
  131  14:53  Disruptor (Chrono Boost)  
  131  14:56  Stalker x2  
  131  14:58  Pylon  
  138  15:00  Stalker  
  138  15:02  Archon  
  114  15:15  Pylon  
  114  15:17  Stalker x3  
  109  15:28  Probe, Disruptor (Chrono Boost)  
  109  15:29  Pylon  
  109  15:32  Assimilator x2  
  109  15:33  Assimilator  
  113  15:37  Pylon  
  113  15:41  Stalker x3  
  113  15:42  Stalker  
  121  15:43  Zealot x2  
  121  15:47  Photon Cannon  
  121  15:49  Zealot  
  127  15:50  Photon Cannon  
  127  15:51  Gateway  
  127  15:53  Gateway  
  127  15:57  Zealot, Stalker  
  131  16:08  Disruptor (Chrono Boost)  
  131  16:10  Zealot x3, Stalker  
  131  16:11  Zealot  
  144  16:23  Zealot x2, Stalker  
  146  16:27  Protoss Ground Armor Level 1 (Chrono Boost)  
  146  16:30  Nexus  
  143  16:40  Observer (Chrono Boost)  
  143  16:41  Zealot  
  143  16:42  Zealot  
  143  16:46  Probe, Stalker  
  150  16:56  Pylon  
  150  16:58  Observer (Chrono Boost)  
  150  17:00  Stalker  
  150  17:01  Stalker x2  
  145  17:02  Zealot x3  
  151  17:10  Forge  
  151  17:15  Assimilator  
  151  17:16  Assimilator, Zealot, Stalker  
  151  17:17  Observer (Chrono Boost)  
  132  17:34  Disruptor (Chrono Boost)  
  135  17:39  Photon Cannon  
  135  17:40  Probe  
  135  17:41  Photon Cannon  
  135  17:43  Photon Cannon  
  136  17:46  Stalker x3  
  142  17:51  Protoss Shields Level 1 (Chrono Boost)  
  142  17:56  Stalker  
  142  17:57  Stalker  
  146  18:05  Immortal  
  144  18:14  Robotics Facility  
  144  18:17  Robotics Facility  
  129  18:26  High Templar x2  
  116  18:27  Zealot x2  
  116  18:31  Zealot  
  116  18:32  Archon  
  115  18:36  Zealot  
  115  18:39  Immortal  
  115  18:40  Dark Shrine  
  121  18:49  Stalker  
  121  18:52  Zealot  
  121  18:53  Zealot x3  
  125  19:08  Immortal x2 (Chrono Boost)  
  120  19:10  Protoss Ground Armor Level 2 (Chrono Boost)  
  120  19:11  Stalker  
  120  19:12  Zealot  
  107  19:25  Observer (Chrono Boost)  
  107  19:29  Stalker x2  
  111  19:37  Stalker  
  111  19:38  High Templar x2  
  117  19:40  Zealot  
  117  19:44  Observer (Chrono Boost)  
  124  19:49  Immortal (Chrono Boost)  
  124  19:52  Photon Cannon  
  124  19:53  High Templar x2  
  124  19:54  Archon  
  124  19:55  Zealot x2  
  124  19:58  Disruptor (Chrono Boost)  
  135  20:00  Archon  
  135  20:01  Zealot  
  131  20:15  Zealot x2, Stalker  
  131  20:21  Zealot x2  
  121  20:22  Disruptor (Chrono Boost)  
  121  20:25  Zealot x2  
  130  20:34  Dark Templar x2  
  134  20:39  High Templar x3  
  140  20:49  Archon  
  140  20:54  Disruptor (Chrono Boost)  
  142  20:57  Zealot x2  
  142  20:59  Disruptor (Chrono Boost)  
  146  21:06  High Templar  
  146  21:07  Zealot x3  
  146  21:10  Disruptor (Chrono Boost)  
  157  21:17  Archon, Zealot  
  157  21:18  Zealot  
  161  21:24  Zealot  
  161  21:25  Zealot  
  159  21:28  High Templar x2  
  159  21:31  Disruptor (Chrono Boost)  
  162  21:36  Archon  
  158  21:42  Zealot x3  
  158  21:45  Stalker  
  149  21:58  High Templar  
  149  21:59  High Templar  
  151  22:05  Archon  
  151  22:07  Zealot x2  
  154  22:10  High Templar  
  154  22:11  High Templar  
  158  22:16  Archon  
  158  22:18  Zealot x2  
  156  22:35  Observer (Chrono Boost)  
  156  22:37  High Templar x2, Zealot x2  
  163  22:44  Stalker  
  163  22:45  Archon, Stalker  
Show
View Real Time Build Order
Export as new Build Order

Worming Zerg 

Build Orders: Hatch First, Lurkers 

Get SALT Encoding   

  12  0:01  Drone  
  13  0:12  Overlord  
  13  0:17  Drone  
  14  0:30  Drone x2  
  14  0:34  Drone  
  17  0:45  Drone  
  18  0:56  Hatchery  
  17  1:08  Spawning Pool  
  17  1:11  Drone  
  17  1:14  Extractor  
  16  1:19  Drone  
  16  1:24  Drone  
  18  1:29  Drone  
  19  1:40  Overlord  
  19  1:51  Drone  
  20  1:55  Queen  
  20  2:00  Zergling x2  
  23  2:08  Queen  
  25  2:09  Zergling x2  
  25  2:11  Drone  
  27  2:16  Metabolic Boost  
  27  2:19  Drone  
  28  2:30  Drone  
  28  2:31  Drone  
  28  2:34  Queen  
  28  2:36  Overlord  
  32  2:57  Drone x4  
  36  3:07  Drone  
  36  3:09  Drone  
  36  3:10  Hatchery  
  36  3:11  Drone  
  38  3:18  Drone x3  
  41  3:21  Overlord  
  41  3:30  Drone x3  
  44  3:41  Drone x6  
  44  3:45  Extractor x2  
  48  3:49  Overlord  
  48  3:58  Extractor  
  47  4:03  Overlord  
  47  4:05  Lair  
  47  4:07  Drone, Roach Warren  
  47  4:08  Drone, Evolution Chamber  
  47  4:10  Drone  
  47  4:12  Drone  
  49  4:18  Drone  
  50  4:26  Drone x4  
  54  4:36  Zerg Missile Weapons Level 1  
  54  4:39  Drone x2  
  54  4:41  Drone x4  
  60  4:51  Drone  
  60  4:52  Drone x5  
  65  5:04  Roach  
  65  5:05  Roach x3  
  65  5:06  Drone, Overlord  
  65  5:07  Overlord  
  69  5:21  Drone x2  
  71  5:23  Spore Crawler  
  71  5:26  Spine Crawler  
  71  5:28  Spore Crawler, Drone, Spine Crawler  
  70  5:29  Spore Crawler  
  70  5:32  Extractor x2  
  70  5:33  Spine Crawler  
  64  5:40  Glial Reconstitution  
  64  5:43  Drone x2, Hydralisk Den  
  64  5:46  Drone  
  64  5:47  Drone x2  
  64  5:48  Drone x3  
  71  5:51  Roach  
  71  5:53  Ravager  
  71  5:54  Ravager x3  
  77  6:05  Roach x3  
  77  6:10  Overlord  
  83  6:13  Roach x2, Lurker Den  
  83  6:18  Ravager  
  87  6:21  Overseer  
  87  6:44  Zerg Missile Weapons Level 2  
  83  6:54  Roach  
  83  6:55  Roach x7  
  97  7:08  Overlord  
  97  7:09  Overlord x3  
  97  7:10  Queen  
  97  7:26  Queen x2  
  101  7:30  Overlord  
  101  7:31  Overlord x2, Hydralisk x5  
  101  7:32  Hydralisk x7  
  125  7:46  Queen  
  125  7:47  Hatchery  
  125  7:48  Zergling x2  
  127  8:14  Lurker x6  
  127  8:15  Overlord  
  127  8:16  Overlord x2  
  127  8:17  Roach x6  
  145  8:22  Muscular Augments  
  145  8:28  Drone x5  
  118  8:45  Hydralisk x3  
  118  8:46  Roach x4  
  128  8:58  Hydralisk  
  128  8:59  Hydralisk x5  
  128  9:00  Roach x3  
  143  9:07  Lurker x3  
  144  9:12  Roach x5  
  125  9:44  Roach  
  125  9:45  Roach x8  
  133  9:49  Overseer  
  133  9:50  Overseer  
  133  9:51  Pneumatized Carapace  
  133  9:52  Zerg Ground Armor Level 1  
  133  9:55  Infestation Pit  
  133  9:56  Extractor  
  133  9:57  Overlord x2  
  133  9:58  Spine Crawler, Extractor  
  133  9:59  Roach  
  131  10:02  Roach x3  
  131  10:04  Lurker x3  
  131  10:06  Burrow  
  140  10:12  Drone x3  
  143  10:31  Roach x3  
  143  10:32  Zergling x8, Roach x2  
  143  10:35  Hatchery, Roach x2  
  160  10:36  Roach x3  
  148  11:06  Roach x3  
  148  11:07  Roach x3  
  146  11:14  Lurker x3  
  146  11:15  Hydralisk x5  
  146  11:16  Zergling x6  
  146  11:17  Zergling x6  
  161  11:24  Ravager  
  158  11:26  Zergling x2  
  158  11:27  Zergling x4  
  161  11:35  Hive  
  161  11:37  Spire  
  141  11:59  Extractor  
  130  12:05  Roach x5, Hydralisk x4  
  130  12:06  Roach, Hydralisk x7  
  145  12:28  Hydralisk  
  145  12:29  Roach  
  128  12:35  Drone x3  
  118  12:37  Drone x3, Extractor  
  118  12:38  Roach x3  
  118  12:39  Spine Crawler  
  118  12:42  Lurker x2  
  118  12:43  Lurker x2  
  118  12:44  Lurker  
  122  12:45  Roach  
  124  12:53  Drone x2  
  124  12:54  Drone, Roach  
  124  12:55  Roach x3  
  124  12:57  Lurker x2  
  124  12:58  Lurker  
  138  13:02  Zerg Missile Weapons Level 3  
  138  13:05  Ultralisk Cavern  
  137  13:23  Roach  
  137  13:24  Roach x9  
  109  13:43  Roach x2, Hydralisk x3  
  109  13:44  Roach x2  
  109  13:46  Hydralisk  
  109  13:47  Hydralisk  
  127  13:53  Overseer  
  127  14:01  Zergling x2  
  127  14:02  Zergling x2  
  129  14:04  Chitinous Plating  
  129  14:07  Ultralisk  
  135  14:11  Lurker x2  
  135  14:13  Ravager x5  
  135  14:14  Ravager x4  
  135  14:15  Zergling x6  
  149  14:22  Drone x5  
  137  15:10  Hydralisk x2  
  137  15:11  Roach x4, Hydralisk x4  
  137  15:12  Roach x3  
  130  15:18  Hydralisk  
  130  15:19  Hydralisk x7  
  130  15:20  Roach x2  
  131  15:39  Zerg Melee Weapons Level 1  
  131  15:46  Zergling x2  
  131  15:47  Hatchery  
  131  15:49  Adrenal Glands  
  131  15:50  Zerg Flyer Weapons Level 1  
  131  15:52  Lurker x4  
  131  15:53  Lurker x3  
  122  16:31  Roach  
  122  16:32  Roach x7  
  137  17:08  Ultralisk x2  
  137  17:09  Ultralisk x3  
  137  17:15  Overseer  
  131  17:30  Roach x4  
  135  17:48  Hydralisk  
  135  17:49  Hydralisk x3  
  135  17:50  Roach x9  
  161  17:53  Hatchery  
  161  17:55  Zerg Melee Weapons Level 2  
  160  18:03  Extractor  
  155  18:05  Extractor  
  154  18:13  Roach, Hydralisk  
  154  18:14  Hydralisk x6  
  140  18:27  Lurker x2  
  140  18:28  Lurker, Mutalisk, Hydralisk  
  140  18:29  Hydralisk x4  
  140  18:30  Roach  
  157  18:46  Drone x3  
  157  18:47  Drone x3  
  163  18:56  Lurker x3, Hydralisk  
  163  18:57  Hydralisk x3  
  122  19:18  Roach  
  122  19:19  Roach x6, Hydralisk x5  
  134  19:29  Drone x6  
  140  19:38  Evolution Chamber  
  139  19:43  Lurker  
  140  19:46  Extractor, Zergling x18, Spine Crawler  
  140  19:47  Overseer  
  147  19:54  Zergling x2  
  147  19:58  Ultralisk  
  154  20:11  Zerg Ground Armor Level 2  
  144  20:19  Hydralisk  
  144  20:20  Roach x3, Hydralisk x3  
  144  20:21  Roach x3  
  149  20:23  Spine Crawler, Extractor  
  149  20:24  Lurker  
  148  20:38  Zergling x6, Ultralisk  
  148  20:39  Zergling x8  
  161  20:46  Overseer  
  161  20:47  Overlord  
  161  20:48  Overlord x3  
  161  20:53  Spore Crawler, Spine Crawler  
  161  20:56  Spore Crawler  
  155  21:06  Lurker  
  141  21:26  Roach, Ultralisk x2  
  152  21:36  Hydralisk  
  152  21:37  Roach x2, Hydralisk x2  
  152  21:38  Roach x2  
  117  21:47  Roach  
  117  21:48  Roach x8  
  131  22:06  Hydralisk  
  131  22:07  Roach x4, Hydralisk x2  
  145  22:12  Hatchery  
Tags
 
Add a new tag
Caveats
  • Supply blocks, unpowered buildings, or Contaminate may cause inaccurate times.
  • Supply counts are checked every 10 seconds.